 Dungeon Crawl Stone Soup version 0.25-a0-420-g1cc7eeb0d1 (webtiles) character file.

Game seed: 12699546599247122691, levelgen mode: classic

17978 EnegeticOcto the Slicer (level 12, -3/86 (87) HPs)
             Began as a Formicid Transmuter on Jan 19, 2020.
             Was a Priest of Hepliaklqana.
             Killed by refrigeration
             ... invoked by Fannar
              (35 damage)
             ... on level 11 of the Dungeon.
             The game lasted 00:25:32 (15277 turns).

EnegeticOcto the Slicer (Formicid Transmuter)      Turns: 15277, Time: 00:25:33

HP:   -3/86 (87)    AC: 10    Str: 19    XL:     12   Next: 89%
MP:   0/22          EV: 12    Int: 17    God:    Hepliaklqana [***...]
Gold: 651           SH:  0    Dex: 11    Spells: 16/25 levels left

rFire    . . .     SeeInvis +   n - +2 dagger (elec)
rCold    . . .     Gourm    .   (no shield)
rNeg     + . .     Faith    .   g - +0 swamp dragon scales
rPois    +         Spirit   +   (helmet unavailable)
rElec    .         Reflect  .   i - scarf {cloud immunity}
rCorr    .         Harm     .   p - +1 pair of gloves
MR       +....                  (no boots)
Stlth    +.........             y - amulet of guardian spirit
HPRegen  0.24/turn              o - +3 ring of strength
MPRegen  0.18/turn              B - ring of positive energy

@: no status effects
A: permanent stasis, dig shafts and tunnels, four strong arms, reduced essence,
antennae 3
a: Dig, Shaft Self, Recall Ancestor, Ancestor Identity, Transference, Renounce
Religion


You were on level 11 of the Dungeon.
You worshipped Hepliaklqana.
Hepliaklqana was most pleased with you.
You were not hungry.

You visited 1 branch of the dungeon, and saw 11 of its levels.

You collected 651 gold pieces.

Inventory:

Hand Weapons
 n - a +2 dagger of electrocution (weapon)
 G - the +1 trident of the Lurker {speed, rC+ Stlth+}
   (You found it on level 8 of the Dungeon)

   Attacks with this weapon are significantly faster.
   It protects you from cold.
   It makes you more stealthy.
Missiles
 a - 297 arrows
 f - 59 poisoned darts
 h - 281 stones (quivered)
 k - 6 javelins
 w - 6 silver javelins
Armour
 g - +0 swamp dragon scales (worn)
 i - a scarf of cloud immunity (worn)
 p - a +1 pair of gloves (worn)
 s - a +2 robe of the Archmagi
Jewellery
 o - a +3 ring of strength (left hand)
 y - an amulet of guardian spirit (around neck)
 B - a ring of positive energy (right hand)
 D - an uncursed ring of flight
Wands
 m - a wand of acid (9)
 q - a wand of digging (7)
 t - a wand of polymorph (8)
 v - a wand of iceblast (9)
 H - a wand of clouds (6)
Scrolls
 b - a scroll of magic mapping {@r5 !r}
 c - a scroll of fog {!r}
 r - 7 scrolls of remove curse {@r2}
 x - a scroll of identify {@r1}
 A - a scroll of enchant weapon
 J - a scroll of immolation
 K - a scroll of amnesia
Potions
 j - a potion of might {@q3 !q}
 l - a potion of lignification {@q6}
 u - 2 potions of magic
 z - 3 potions of curing {@q1 !q}
 C - 2 potions of agility {@q5 !q}
 E - a potion of heal wounds {@q2 !q}
Miscellaneous
 I - a fan of gales
 L - a box of beasts
Comestibles
 e - 23 rations


   Skills:
 - Level 10.0 Fighting
 - Level 10.0 Short Blades
 - Level 4.0 Armour
 - Level 4.1 Dodging
 - Level 3.0 Stealth
 - Level 3.0 Unarmed Combat
 - Level 7.1 Spellcasting
 + Level 3.3 Conjurations
 - Level 6.0 Transmutations
 + Level 3.8 Air Magic
 - Level 6.1 Poison Magic
 - Level 8.0 Invocations
 - Level 4.0 Evocations


You had 16 spell levels left.
You knew the following spells:

 Your Spells              Type           Power        Failure   Level  Hunger
a - Beastly Appendage     Tmut           ####..       1%          1    None
b - Spider Form           Tmut/Pois      ####......   4%          3    ##.....
c - Mephitic Cloud        Conj/Pois/Air  ###.....     10%         3    ##.....
j - Sticks to Snakes      Tmut           ####....     2%          2    None

Your spell library contained the following spells:

 Spells                   Type           Power        Failure   Level  Hunger
 Shock                    Conj/Air       ###.         4%          1    None
 Foxfire                  Conj/Fire      ##..         10%         1    None
 Corpse Rot               Necr/Air       N/A          13%         2    None
 Swiftness                Chrm/Air       ##......     13%         2    None
 Static Discharge         Conj/Air       ###.....     13%         3    ##.....
 Airstrike                Air            ###.......   36%         4    ####...
 Blade Hands              Tmut           ####......   41%         5    #####..
 Ice Form                 Ice/Tmut       ###.....     50%         4    ####...
 Lightning Bolt           Conj/Air       ###.......   77%         5    #####..
 Ignition                 Fire           #.........   100%        8    #######


Dungeon Overview and Level Annotations

Branches:
Dungeon (11/15)            Temple (0/1) D:7            Lair (0/6) D:9
    Orc (0/2) D:10

Altars:
Ashenzari
Dithmenos
Fedhas
Gozag
Hepliaklqana
Makhleb
Okawaru
Ru
Yredelemnul
Zin
The Shining One
Beogh

Shops:
D:10 %

Annotations:
D:11 Fannar


Innate Abilities, Weirdness & Mutations

You cannot be hasted, slowed, berserked, paralysed or teleported.
You can dig through walls and to a lower floor.
Your four strong arms can wield two-handed weapons with a shield.
You have a pair of large antennae on your head. (SInv)
Your life essence is reduced to manifest your ancestor. (-10% HP)


Message History

Lightning courses through the ice beast!!
You kill the ice beast!
Fannar gestures wildly while chanting.
Fannar drains the heat from the surrounding environment!
You feel very cold.
Fannar and Huemac are frozen.
Fannar resists.
Huemac resists.
The ice beast barely misses you.
Huemac closely misses the ice beast.
Huemac closely misses the ice beast.
Fannar hits you with a +0 quarterstaff of freezing.
Fannar freezes you. The ice beast barely misses you.
You hit Fannar but do no damage.
Fannar is severely wounded.
You hit Fannar.
Fannar is severely wounded.
Huemac hits the ice beast but does no damage.
Fannar hits you with a +0 quarterstaff of freezing.
Fannar freezes you. The ice beast misses you.
You miss Fannar.
Fannar is severely wounded.
You closely miss Fannar.
Fannar is severely wounded.
Huemac hits the ice beast with a +0 flail!
The ice beast barely misses you.
Fannar hits you with a +0 quarterstaff of freezing.
Fannar freezes you.
Huemac hits the ice beast with a +0 flail.
Huemac blocks the ice beast's attack.
Fannar mumbles some strange words.
Huemac blocks the ice beast's attack.
Select a target.
Press: ? - help, Dir - move target cursor, f - ice beast
Aim: an ice beast (severely wounded, summoned)
The floor, spattered with blood.
The ice beast swaps with Huemac!
Huemac hits the ice beast with a +0 flail.
Fannar barely misses you.
The ice beast hits Huemac but does no damage.
You barely miss Fannar.
Fannar is severely wounded.
Fannar casts a spell.
Fannar blinks!
Huemac hits the ice beast but does no damage.
You hit the ice beast but do no damage.
The ice beast hits Huemac but does no damage.
You hit the ice beast.
The ice beast is lightly wounded.
The ice beast hits you but does no damage.
You hit the ice beast.
The ice beast is moderately wounded.
Huemac barely misses the ice beast.
The ice beast hits Huemac but does no damage.
You hit the ice beast.
The ice beast is heavily wounded.
The ice beast barely misses you.
You closely miss the ice beast.
The ice beast is heavily wounded.
Huemac barely misses the ice beast.
Huemac blocks the ice beast's attack.
The ice beast misses you.
Huemac blocks Fannar's attack.
Something barely misses Huemac.
Huemac barely misses Fannar.
You hit the ice beast but do no damage.
Lightning courses through the ice beast!
You kill the ice beast!
What are your orders? t - Shout!
Orders for allies: a - Attack new target. r - Retreat! s - Stop attacking. g - Guard the area. f - Follow me.
Anything else - Cancel.
Gang up on whom?
Press: ? - help, Dir - move target cursor, f - Fannar
Aim: Fannar, wielding a +0 quarterstaff of freezing, wearing a +2 robe of cold resistance and wearing an uncursed ring of ice (severely wounded, covered in an icy film) Attack!
Huemac blocks something's attack.
Fannar gestures wildly while chanting.
Fannar drains the heat from the surrounding environment!
You feel very cold.
Fannar and Huemac are frozen.
Fannar resists.
Huemac resists.
Huemac closely misses Fannar.
Hepliaklqana grants Huemac healing and protection!
Huemac is fully restored!
You can no longer heal and protect your ancestor.
Something hits Huemac but does no damage.
Fannar hits Huemac but does no damage.
Huemac barely misses Fannar.
All of the chunks of flesh in your inventory have rotted away.
Unknown command.
Evoke which item? (* to show all) (? for menu, Esc to quit)
Aiming: Iceblast
Press: ? - help, Shift-Dir - straight line, f/p - Fannar
Aim: Fannar, wielding a +0 quarterstaff of freezing, wearing a +2 robe of cold resistance and wearing an uncursed ring of ice (severely wounded, covered in an icy film) Really fire at your ally Huemac?
The mass of ice explodes!
The iceblast engulfs Huemac!
Huemac partially resists.
Huemac is moderately damaged.
The iceblast engulfs Fannar!
Fannar partially resists.
Fannar is almost dead.
Something shouts, "Escape, thou currish crook-pated measle!"
You hear two shouts!
Fannar casts a spell.
Fannar drains the heat from the surrounding environment!
You feel very cold.
You die...

..#.......# #.....#........
..#.......#########.....#.#######
..#.....................#.#......
###....................##.#......
.....................#..#......
..................=..# #......
.....................#. #......
.....................# .#######
..............@......# .......
###########R######..# #.....
......eY.....#.... #..... ####.
.............# =... #..... .....#
###..........# ..Y. #...<. .....#
#..........# #.##+# .....#
#.>........# .....# #............
.....# #.............


You could see the friendly Huemac the knight and Fannar.

Vanquished Creatures
  Erolcha (D:9)
  2 two-headed ogres (D:11)
  4 death yaks (D:9)
  2 unseen horrors
  An ugly thing (D:8)
  A deep elf mage (D:9)
  Maggie (D:9)
  2 trolls
  A hornet (D:11)
  Prince Ribbit (D:6)
  2 hippogriffs
  A meliai zombie (D:10)
  A spriggan (D:9)
  3 wraiths (D:10)
  Grum (D:9)
  2 water moccasins
  2 ice beasts
  2 sky beasts
  2 black bears
  8 orc warriors
  A necrophage (D:9)
  A phantom (D:3)
  3 wolves
  An ogre (D:11)
  7 centaurs
  A crocodile (D:8)
  2 big kobolds
  5 bullfrogs
  5 scorpions
  2 wights (D:8)
  5 crimson imps
  A quasit (D:11)
  2 centaur zombies
  A jelly (D:6)
  7 orc priests
  A bullfrog skeleton (D:6)
  3 centaur skeletons
  2 hounds
  9 orc wizards
  A knight (D:9)
  6 iguanas
  6 worker ants
  A hound skeleton (D:4)
  A worker ant zombie (D:8)
  A gnoll (D:8)
  A howler monkey skeleton (D:4)
  14 adders
  2 shadow imps
  4 oozes
  An adder skeleton (D:9)
  A worm (D:4)
  A dart slug (D:1)
  3 leopard geckos
  37 orcs
  5 giant cockroaches
  5 goblins
  8 hobgoblins
  8 jackals
  10 kobolds
  2 quokkas
  2 ball pythons (D:4)
  9 bats
  6 frilled lizards
  A leopard gecko skeleton (D:4)
  2 quokka skeletons
  A quokka zombie (D:6)
  12 rats
250 creatures vanquished.

Vanquished Creatures (collateral kills)
  Josephine (D:10)
  A two-headed ogre (D:9)
  A manticore (D:11)
  Joseph (D:8)
  2 hippogriffs (D:11)
  3 wraiths
  A warg (D:10)
  2 ice beasts
  2 orc warriors (D:8)
  2 ogres
  2 sky beasts
  2 necrophages
  A wolf (D:9)
  A centaur (D:11)
  A bullfrog (D:7)
  A wight (D:8)
  3 crimson imps
  An orc wizard (D:5)
  A bullfrog skeleton (D:7)
  An orc priest (D:8)
  An iguana (D:8)
  A shadow imp (D:8)
  An ooze (D:6)
  2 leopard geckos (D:6)
  15 orcs
  A goblin (D:8)
  2 quokkas
  3 kobolds (D:9)
56 creatures vanquished.

Vanquished Creatures (others)
  2 knights (D:8)
  2 ancestors (D:5)
4 creatures vanquished.

Grand Total: 310 creatures vanquished

Notes
Turn   | Place    | Note
-------+----------+-------------------------------------------
     0 | D:1      | EnegeticOcto the Formicid Transmuter began the quest for
                  | the Orb.
     0 | D:1      | Reached XP level 1. HP: 15/15 MP: 3/3
    75 | D:1      | Reached skill level 1 in Stealth
   226 | D:1      | Reached XP level 2. HP: 17/21 MP: 5/5
   646 | D:1      | Reached XP level 3. HP: 19/26 MP: 6/6
   853 | D:2      | Learned a level 2 spell: Sticks to Snakes
   859 | D:1      | Learned a level 3 spell: Spider Form
   980 | D:2      | Found a glowing silver altar of Zin.
  1108 | D:2      | Reached skill level 1 in Poison Magic
  1248 | D:2      | Reached XP level 4. HP: 30/33 MP: 4/7
  1896 | D:3      | Reached XP level 5. HP: 37/41 MP: 8/8
  1942 | D:3      | Reached skill level 1 in Short Blades
  2438 | D:3      | Noticed a phantom
  2447 | D:3      | Killed a phantom
  2447 | D:3      | Reached XP level 6. HP: 47/47 MP: 9/9
  2649 | D:3      | Found a blossoming altar of Fedhas.
  2655 | D:3      | Found a sacrificial altar of Ru.
  2656 | D:3      | Found a basalt altar of Yredelemnul.
  2659 | D:3      | Found a hazy altar of Hepliaklqana.
  2666 | D:3      | Became a worshipper of Hepliaklqana the Forgotten
  3042 | D:4      | Reached XP level 7. HP: 46/46 MP: 10/10
  3263 | D:4      | Reached skill level 5 in Short Blades
  3465 | D:4      | Found a blossoming altar of Fedhas.
  3495 | D:4      | Got a heavily runed leather armour
  3509 | D:4      | Identified the cursed +0 leather armour of Dogmatism {rC+
                  | Str+2} (You found it on level 4 of the Dungeon)
  3818 | D:4      | Found an opulent altar of Gozag.
  3976 | D:4      | Reached skill level 1 in Armour
  4383 | D:5      | Entered Level 5 of the Dungeon
  4402 | D:5      | Reached * piety under Hepliaklqana
  4456 | D:5      | Reached XP level 8. HP: 39/54 MP: 11/11
  5285 | D:5      | Reached skill level 5 in Fighting
  5285 | D:5      | Reached skill level 1 in Evocations
  5558 | D:5      | Found a shadowy altar of Dithmenos.
  6295 | D:5      | Reached XP level 9. HP: 21/61 MP: 6/12
  6733 | D:6      | Noticed Prince Ribbit
  6742 | D:6      | Killed Prince Ribbit
  7185 | D:6      | Found a shattered altar of Ashenzari.
  7584 | D:7      | Reached ** piety under Hepliaklqana
  7585 | D:7      | Remembered your ancestor Huemac as a knight
  7694 | D:7      | Found a glowing golden altar of the Shining One.
  7710 | D:7      | Found a staircase to the Ecumenical Temple.
  8248 | D:7      | Noticed a hippogriff
  8260 | D:7      | Killed a hippogriff
  8598 | D:8      | Noticed Joseph
  8606 | D:8      | Noticed a purple ugly thing
  8615 | D:8      | Killed Joseph
  8615 | D:8      | Reached XP level 10. HP: 52/72 MP: 9/13
  8858 | D:8      | Found a roughly hewn altar of Beogh.
  9096 | D:8      | Noticed Maurice
  9097 | D:8      | Noticed Maurice
  9097 | D:8      | Maurice changed into Maurice the crocodile
  9107 | D:8      | Killed Maurice the crocodile
  9616 | D:8      | Killed a purple ugly thing
  9616 | D:8      | Reached skill level 10 in Short Blades
  9870 | D:8      | Found a burning altar of Makhleb.
  9891 | D:8      | Found an iron altar of Okawaru.
 10101 | D:8      | Got a jewelled trident
 10102 | D:8      | Identified the cursed +1 trident of the Lurker {speed, rC+
                  | Stlth+} (You found it on level 8 of the Dungeon)
 10273 | D:9      | Noticed Grum
 10274 | D:9      | Noticed Maggie
 10281 | D:8      | Reached skill level 10 in Fighting
 10480 | D:9      | Noticed a death yak
 10485 | D:9      | Reached skill level 1 in Invocations
 10486 | D:9      | Noticed a death yak
 10998 | D:9      | Noticed a death yak
 10998 | D:9      | Noticed a death yak
 11065 | D:9      | Noticed a death yak
 11078 | D:9      | Killed a death yak
 11078 | D:9      | Killed a death yak
 11078 | D:9      | Killed a death yak
 11078 | D:9      | Reached XP level 11. HP: 80/80 MP: 2/14
 11078 | D:9      | Reached skill level 5 in Transmutations
 11085 | D:9      | Killed a death yak
 11085 | D:9      | Reached skill level 5 in Invocations
 11301 | D:9      | Found a staircase to the Lair.
 11491 | D:9      | Noticed a deep elf mage
 11522 | D:9      | Killed a deep elf mage
 11722 | D:9      | Noticed a two-headed ogre
 11738 | D:9      | Killed a two-headed ogre
 11946 | D:9      | Identified the Volume of Fiery Feathers
 11999 | D:9      | Learned a level 3 spell: Mephitic Cloud
 12048 | D:9      | Noticed Erolcha
 12226 | D:9      | Killed Erolcha
 12226 | D:9      | Reached skill level 1 in Air Magic
 12232 | D:9      | Killed Grum
 12570 | D:9      | Killed Maggie
 12666 | D:10     | Entered Level 10 of the Dungeon
 12710 | D:10     | Reached *** piety under Hepliaklqana
 12743 | D:10     | Noticed an unseen horror
 12756 | D:10     | Killed an unseen horror
 12756 | D:10     | Reached XP level 12. HP: 73/86 MP: 14/18
 12929 | D:10     | Found Jeur's Food Boutique.
 13039 | D:10     | Noticed Josephine
 13080 | D:10     | Killed Josephine
 13080 | D:10     | Reached skill level 5 in Poison Magic
 13166 | D:10     | Reached skill level 5 in Spellcasting
 13720 | D:10     | Found a staircase to the Orcish Mines.
 14209 | D:11     | Reached **** piety under Hepliaklqana
 14382 | D:11     | Reached skill level 1 in Conjurations
 14897 | D:11     | Found a basalt altar of Yredelemnul.
 14954 | D:11     | Noticed an unseen horror
 14963 | D:11     | Killed an unseen horror
 14964 | D:11     | Noticed a two-headed ogre
 14975 | D:11     | Killed a two-headed ogre
 15016 | D:11     | Noticed a two-headed ogre
 15039 | D:11     | Killed a two-headed ogre
 15232 | D:11     | Noticed Fannar
 15277 | D:11     | Killed from afar by Fannar

Levels and vault maps discovered:
D:1:      scummos_arrival_hexagon, layout_rooms, hangedman_decor_lopped,
          minmay_box_of_dots
D:2:      layout_rooms, overflow_temple_1_default
D:3:      layout_loops_corners, minitemple, lightli_corner_chamber
D:4:      layout_basic, nicolae_gozag_cash_rules_everything_around_me,
          first_ration, fedhas_bush_and_centaur_altar
D:5:      layout_layer_cave, grunt_dithmenos_shadows
D:6:      layout_cave_pools, cheibrodos_ashenzari_chains, uniq_prince_ribbit1
D:7:      lemuel_ice_spiral_2, layout_basic, lemuel_doored_altar,
          minmay_temple_entry_tees
D:8:      layout_cave_pods, okawaru_altar_gauntlet_db, kennysheep_mini,
          special_room [special_room_orc], uniq_joseph, uniq_maurice
D:9:      layout_basic, dpeg_lair_monsters, the_bakery, grunt_decor_arrowhead,
          serial_park_tiny_pond, minmay_diamond_spiral, uniq_erolcha,
          uniq_maggie, uniq_grum
D:10:     layout_stronghold, david_orc_1_choice, serial_shops, shop,
          uniq_josephine
D:11:     layout_irregular_city, yredelemnul_altar_generic, uniq_fannar

Skill      XL: |  1  2  3  4  5  6  7  8  9 10 11 12 |
---------------+-------------------------------------+-----
Stealth        | 2 3 |  3.0
Fighting       | 2 3 4 5 8 10 | 10.0
Poison Magic   | 1 4 6 |  6.1
Short Blades   | 3 4 5 6 8 10 | 10.0
Dodging        | 2 3 4 |  4.1
Armour         | 2 4 |  4.0
Evocations     | 2 4 |  4.0
Transmutations | 4 6 |  6.0
Invocations    | 2 8 |  8.0
Air Magic      | 2 3 |  3.8
Spellcasting   | 3 7 |  7.1
Conjurations   | 3 |  3.3
Unarmed Combat | |  3.0

Action                   |  1- 3 |  4- 6 |  7- 9 | 10-12 || total
-------------------------+-------+-------+-------+-------++-------
Melee: Short sword       |    70 |       |       |       ||    70
       Punch             |     3 |     4 |     3 |    16 ||    26
       Dagger            |    19 |   160 |   351 |   663 ||  1193
       Kick              |     1 |     1 |       |       ||     2
 Cast: Beastly Appendage |     4 |       |       |     1 ||     5
       Sticks to Snakes  |       |       |     4 |    13 ||    17
Invok: Recall Ancestor   |       |       |     1 |     9 ||    10
       Ancestor Life: Kn |       |       |     1 |       ||     1
       Idealise          |       |       |       |     2 ||     2
       Transference      |       |       |       |     1 ||     1
 Abil: Dig               |     2 |     1 |     6 |     4 ||    13
Evoke: Wand              |       |       |     4 |    14 ||    18
  Use: Scroll            |     2 |       |     6 |    12 ||    20
       Potion            |       |     2 |       |       ||     2
 Stab: Sleeping          |     2 |       |     5 |       ||     7
       Distracted        |       |       |     1 |     3 ||     4
       Paralysed         |       |       |       |     4 ||     4
  Eat: Chunk             |     1 |     7 |    14 |    10 ||    32
       Ration            |       |       |     1 |     4 ||     5
Armor: Ring mail         |    42 |    43 |    80 |    60 ||   225
       Robe              |     1 |       |       |       ||     1
       Swamp dragon scal |       |       |       |    68 ||    68
Dodge: Dodged            |    67 |    99 |   122 |   244 ||   532

Table legend:
 A = Non-vault XP
 B = Vault XP
 C = Vault XP percentage of total XP
 D = Non-vault monster count
 E = Vault monster count
 F = Vault count percentage of total count
                 A         B        C        D         E       F
            +---------+---------+-------+---------+---------+-------
      Total |   13896 |   11787 |  45.9 |     235 |      70 |  23.0
            +---------+---------+-------+---------+---------+-------
        D:1 |      27 |       6 |  18.2 |      16 |       4 |  20.0
        D:2 |      58 |       0 |   0.0 |      15 |       0 |   0.0
        D:3 |     275 |       0 |   0.0 |      34 |       0 |   0.0
        D:4 |     388 |     115 |  22.9 |      21 |       1 |   4.5
        D:5 |    1095 |      12 |   1.1 |      26 |       1 |   3.7
        D:6 |     730 |     259 |  26.2 |      24 |       1 |   4.0
        D:7 |     940 |       0 |   0.0 |      14 |       0 |   0.0
        D:8 |    1425 |    1359 |  48.8 |      20 |      33 |  62.3
        D:9 |    1385 |    7265 |  84.0 |      24 |      15 |  38.5
       D:10 |    1746 |    2771 |  61.3 |      14 |      15 |  51.7
       D:11 |    5827 |       0 |   0.0 |      27 |       0 |   0.0
            +---------+---------+-------+---------+---------+-------
